 Dungeon Sprint DCSS version 0.32-a0-38-gb04dd89b9b (webtiles) character file.

Game seed: 15301556392927358487

2452 sircluck the Grappler (level 9, 0/102 HPs)
             Began as a Troll Berserker on Jan 23, 2024.
             Was a High Priest of Trog.
             Shot with an arrow by a centaur warrior (23 damage)
             ... in the Dungeon (Sprint II: "The Violet Keep of Menkaure").
             The game lasted 00:02:23 (243 turns).

sircluck the Grappler (Troll Berserker)              Turns: 243, Time: 00:02:23

Health: 0/102      AC:  4    Str: 31    XL:     9   Next: 25%
Magic:  8/8        EV: 12    Int:  3    God:    Trog [*****.]
Gold:   972        SH:  0    Dex:  9    Spells: 8/8 levels left

rFire   . .          .
                       - Unarmed
rCold   . . .        (no shield)
rNeg    . . .        a - +0 animal skin
rPois   .            (helmet restricted)
rElec   .            (no cloak)
rCorr   .            (gloves unavailable)
SInv    .            (boots unavailable)
Will    .....        (no amulet)
Stlth   +            (no ring)
HPRegen 1.17/turn    (no ring)
MPRegen 0.11/turn

%: no teleportation
@: on berserk cooldown, slowed, very slow
A: large, unfitting armour, claws 3, regeneration 1, shaggy fur 1, tough skin 1
a: Renounce Religion, Berserk, Trog's Hand, Brothers in Arms


You were in the Dungeon.
You worshipped Trog.
Trog was extremely pleased with you.
You visited 1 branch You collected 972 gold pieces.

Inventory:

Armour
 a - a +0 animal skin (worn)
Scrolls
 g - a scroll of blinking
Potions
 b - a potion of curing
 c - a potion of heal wounds
 d - a potion of haste
 e - 2 potions of magic
 f - a potion of berserk rage


   Skills:
 + Level 10.9 Fighting
 + Level 10.7 Dodging
 + Level 12.6 Unarmed Combat


You had 8 spell levels left.
You didn't know any spells.
Your spell library was empty.

Dungeon Overview and Level Annotations

Branches:
Dungeon (1/1)

Altars:
Hepliaklqana
Qazlal
Ru
Wu Jian
Xom
The Shining One

Shops:
D :*?[=(?=![!

Annotations:
D exclusion: orange crystal statue


Innate Abilities, Weirdness & Mutations

You are too large for most types of armour.
You have claws for hands.
Your natural rate of healing is unusually fast.
You are covered in fur. (AC +1)
You have tough skin. (AC +1)


Message History

You mangle the yaktaur captain!!
You kill the yaktaur captain!
Trog accepts your kill. The lava snake spits lava at you.
The glob of lava misses you.
Your Fighting skill increases to level 10!
Your Dodging skill increases to level 10!
Your Unarmed Combat skill increases to level 12!
You have reached level 9!
Your experience leads to an increase in your attributes!
Increase (S)trength, (I)ntelligence, or (D)exterity?
You feel stronger. x3
Okay, then.
You scratch something. Something hits you!
You claw something! You mangle something!! You claw something.
Trog accepts your kill.
Trog appreciates your killing of a magic user.
Trog grants you a weapon! Something appears at your feet!
You see here the +10 dire flail "Killer Bee's Doom" {heavy, Str+2}.
Reactivating autopickup.
You feel a bit more experienced.
Unknown command.
Unknown command.
Unknown command.
You slam the door shut with a bang, pushing everything out of the way!
Things that are here:
a +0 dagger; the +10 dire flail "Killer Bee's Doom" {heavy, Str+2} Something unseen opens the door.
You slam the door shut with a bang!
You feel a strong urge to attack something.
You are no longer berserk.
You are exhausted.
You feel yourself slow down.
Something unseen opens the door.
You close the door.
Something unseen breaks down the door.
The centaur warrior shoots an arrow.
The arrow hits you!!
* * * LOW HITPOINT WARNING * * *
The centaur warrior shoots an arrow.
The arrow hits you!!
You die...

##≈○°°≈§≈≈≈## +≈§≈≈°§≈≈§≈≈# {
###§≈≈≈≈○≈§≈ .c.~##≈≈SSS≈
########~~#''°#+++##
#######~~~.Y.°c....#
.∩....#~~~~.##'##..#
∩.∩...#~~~~##)#.##.####
.∩.∩..#~~~~#.@#..#....#
....⌠.#~~####...####..##
.∩.∩..#~##.###÷###.##..#
∩.∩...#~#.#.##.###†.#..#
.∩....+~'###'.<.††##'..### #
∩.....#~#.#.##.###..#....###..
▓▓▓▓###~##.###'###.##...§..~~~
s######~~####.).####~~.....~#+
$ ##~~~#..#..#~~~~~~~..~#.


You could see a centaur warrior and 2 lava snakes.

Vanquished Creatures
  Kirke (D)
  A yaktaur captain (D)
  A merfolk siren (D)
  A kobold demonologist (D)
  2 wyverns (D)
  Menkaure (D)
  2 crocodiles (D)
  4 scorpions (D)
  4 necrophages (D)
17 creatures vanquished.

Notes
Turn   | Place    | Note
-------+----------+-------------------------------------------
     0 | D        | sircluck the Troll Berserker began the quest for the Orb.
     0 | D        | Reached XP level 1. HP: 22/22 MP: 0/0
     1 | D        | Noticed a necrophage
     1 | D        | Noticed a necrophage
     1 | D        | Noticed a necrophage
     1 | D        | Noticed a necrophage
     5 | D        | Killed a necrophage
     6 | D        | Reached skill level 5 in Unarmed Combat
     6 | D        | Reached XP level 2. HP: 32/32 MP: 1/1
     6 | D        | Reached XP level 3. HP: 39/39 MP: 2/2
     9 | D        | Killed a necrophage
    10 | D        | Reached skill level 5 in Fighting
    10 | D        | Reached skill level 5 in Dodging
    10 | D        | Reached skill level 6 in Unarmed Combat
    10 | D        | Reached XP level 4. HP: 50/50 MP: 3/3
    11 | D        | Killed a necrophage
    11 | D        | Reached ** piety under Trog
    12 | D        | Reached skill level 7 in Unarmed Combat
    12 | D        | Reached XP level 5. HP: 59/59 MP: 4/4
    22 | D        | Noticed a crocodile
    25 | D        | Found Werisam's Antique Armour Shoppe.
    25 | D        | Found Enacw's Distillery.
    26 | D        | Found Depn's Jewellery Emporium.
    26 | D        | Found Zinlibea's Distillery.
    28 | D        | Found Qoused's Antique Weapon Shoppe.
    28 | D        | Found Wicvaus's Jewellery Emporium.
    28 | D        | Found Jedeot's Magic Scroll Emporium.
    28 | D        | Found Qufuaveogo's Antique Armour Shoppe.
    32 | D        | Killed a crocodile
    33 | D        | Reached skill level 8 in Unarmed Combat
    33 | D        | Reached XP level 6. HP: 41/68 MP: 5/5
    33 | D        | Found Asuuj's Assorted Antiques.
    33 | D        | Found Jirati's Magic Scroll Emporium.
    33 | D        | Found Vuis's Book Shoppe.
    33 | D        | Noticed a redback
    43 | D        | Noticed an orange crystal statue
    49 | D        | Noticed Menkaure
    52 | D        | Found a stormy altar of Qazlal.
    52 | D        | Found an ornate altar of the Wu Jian Council.
    52 | D        | Found a glowing golden altar of the Shining One.
    53 | D        | Found a hazy altar of Hepliaklqana.
    53 | D        | Found a sacrificial altar of Ru.
    53 | D        | Found a shimmering altar of Xom.
    54 | D        | Killed Menkaure
    54 | D        | Reached *** piety under Trog
    89 | D        | Noticed a wyvern
    89 | D        | Noticed a wyvern
    92 | D        | Killed a wyvern
    93 | D        | Reached skill level 9 in Unarmed Combat
    93 | D        | Reached XP level 7. HP: 67/79 MP: 6/6
    95 | D        | Killed a wyvern
   106 | D        | Reached skill level 10 in Unarmed Combat
   131 | D        | Noticed a merfolk siren
   138 | D        | Killed a merfolk siren
   138 | D        | Reached **** piety under Trog
   139 | D        | Reached XP level 8. HP: 56/92 MP: 7/7
   152 | D        | Reached skill level 11 in Unarmed Combat
   158 | D        | Reached ***** piety under Trog
   216 | D        | Noticed Kirke
   216 | D        | Noticed a yaktaur captain
   216 | D        | Noticed a kobold demonologist
   229 | D        | Killed a kobold demonologist
   230 | D        | Noticed an elephant
   230 | D        | Noticed a centaur warrior
   235 | D        | Killed a yaktaur captain
   236 | D        | Reached skill level 10 in Fighting
   236 | D        | Reached skill level 10 in Dodging
   236 | D        | Reached skill level 12 in Unarmed Combat
   236 | D        | Reached XP level 9. HP: 67/102 MP: 8/8
   239 | D        | Killed Kirke
   239 | D        | Identified the +10 dire flail "Killer Bee's Doom" {heavy,
                  | Str+2} (Trog gifted it to you in the Dungeon)
   239 | D        | Received a gift from Trog
   243 | D        | Shot with an arrow by a centaur warrior

Illustrated notes

Levels and vault maps discovered:
D:        the_violet_keep_of_menkaure [sprint2_stairs_cluster_1,
          sprint2_shoproom, sprint2_temple, sprint2_basic_supplies,
          sprint2_obstacle_4, sprint2_obstacle_1, sprint2_obstacle_5,
          sprint2_obstacle_3, sprint2_obstacle_2, sprint2_timed_cluster_1,
          sprint2_smallroom_cluster_1, sprint2_smallroom_final_cluster_1,
          sprint2_transparent_cluster_1, sprint2_second_timed_cluster_1,
          sprint2_sniper_area_1, sprint2_heavy_combat_area_1,
          sprint2_mutation_trap_area_1, sprint2_forest_area_1,
          sprint2_light_combat_area_1, sprint2_behind_water_1,
          sprint2_near_end_vault_1]

Skill      XL: |  1  2  3  4  5  6  7  8 |
---------------+-------------------------+-----
Fighting       | 4 5 6 7 9 10 | 10.9
Dodging        | 4 5 6 7 9 10 | 10.7
Unarmed Combat | 5 6 7 8 9 10 12 | 12.6

Action                     |  1- 3 |  4- 6 |  7- 9 || total
---------------------------+-------+-------+-------++-------
  Melee: Unarmed           |     7 |    16 |    34 ||    57
         Punch             |       |       |     3 ||     3
 Invoke: Berserk           |     1 |       |     1 ||     2
 Armour: Animal skin       |     1 |    10 |    21 ||    32
  Dodge: Dodged            |     1 |    10 |     6 ||    17

Table legend: (Time is in decaauts)
 A = Elapsed time spent in this place.
 B = Non-inter-level travel time spent in this place.
 C = Inter-level travel time spent in this place.
 D = Time resting spent in this place.
 E = Time spent auto-exploring this place.
 F = Levels seen in this place.
 G = Mean time per level.
                   A        B        C        D        E       F      G
               +--------+--------+--------+--------+--------+-----+--------+
         Total |    238 |    222 |     16 |     71 |      0 |   1 |  238.0 |
       Dungeon |    238 |    222 |     16 |     71 |      0 |   1 |  238.0 |
               +--------+--------+--------+--------+--------+-----+--------+

Top non-repeatable levels by time:
       D: 238 daAuts
